 Dungeon Crawl Stone Soup version 0.29-a0-393-g47a863cc1b (webtiles) character file.

Game seed: 12733422041480274602

474863 siradein the Ruinous (level 23, -2/165 HPs)
             Began as a Demonspawn Conjurer on May 7, 2022.
             Was the Champion of Vehumet.
             Slain by a rockslime (18 damage)
             ... on level 6 of the Lair of Beasts on May 10, 2022.
             The game lasted 09:02:05 (101418 turns).

siradein the Ruinous (Demonspawn Conjurer)        Turns: 101418, Time: 09:02:06

Health: -2/165     AC: 19    Str:  3    XL:     23   Next: 60%
Magic:  26/47      EV: 18    Int: 30    God:    Vehumet [******]
Gold:   2950       SH: 14    Dex: 15    Spells: 14/62 levels left

rFire   + + .      SeeInvis +   X - staff of conjuration
rCold   x . .      Faith    .   q - +2 buckler {reflect}
rNeg    . . .      Spirit   .   x - +5 robe of Night {Dark Will+ SInv}
rPois   .          Reflect  +   c - +2 hood of the Assassin {Detection Stab+ Stlth++}
rElec   +          Harm     .   (cloak unavailable)
rCorr   +          Rampage  .   o - +2 pair of gloves
Will    ++++.                   C - +0 pair of boots of the Hall of Blades {rElec Will+ Regen+ Str-5}
Stlth   ++++++....              N - amulet of Giluj {Reflect SH+5 SInv}
HPRegen 1.17/turn               U - ring of fire
MPRegen 0.30/turn               s - ring of the Octopus King {rF+ AC+1 EV+1 Str+1 Int+1 Dex+1}

@: very slightly contaminated, studying Dodging
A: yellow scales 3, demonic guardian 3, powered by pain 2, torment resistance 1,
demonic willpower, weakness stinger 3
}: 2/15 runes: decaying, serpentine
a: Renounce Religion


You were on level 6 of the Lair of Beasts.
You worshipped Vehumet.
Vehumet was exalted by your worship.
You visited 10 branches of the dungeon, and saw 44 of its levels.
You visited 1 bazaar.
You also visited: Sewer, Ice Cave and Wizlab.

You collected 5283 gold pieces.
You spent 2333 gold pieces at shops.

Inventory:

Hand Weapons
 u - the +4 dagger "Morg" {pain, Will+ Int+5}
   (You took it off a deep elf death mage on level 3 of the Elven Halls)

   In the hands of one skilled in necromantic magic, it inflicts extra damage on
   living creatures.
   Int:       It affects your intelligence (+5).
   Will:      It increases your willpower.
 v - a +9 vampiric demon blade
 Y - the +6 mace "Beastslayer" {vorpal, *Noise Will+++ Str+4}
   (You took it off a deep elf annihilator on level 3 of the Elven Halls)

   It inflicts extra damage upon your enemies.
   Str:       It affects your strength (+4).
   *Noise:    It may make noises in combat.
   Will:      It greatly increases your willpower.
Armour
 c - the +2 hood of the Assassin (worn) {Detection Stab+ Stlth++}
   (You found it on level 3 of the Depths)

   It allows the wearer to sense nearby creatures.
   It allows the wearer to make particularly effective stabbing attacks against
   helpless or unaware enemies with any weapon.
   Stlth:     It makes you much more stealthy.
 e - the +1 robe of Honour {rPois Str+4 Int+5}
   (You found it on level 3 of the Vaults)

   Str:       It affects your strength (+4).
   Int:       It affects your intelligence (+5).
   rPois:     It protects you from poison.
 o - a +2 pair of gloves (worn)
 q - a +2 buckler of reflection (worn)
 x - the +5 robe of Night (worn) {Dark Will+ SInv}
   (You took it off a rakshasa on level 3 of the Depths)

   It shrouds the wearer in darkness, reducing the range at which they can see
   and be seen by others.
   SInv:      It lets you see invisible.
   Will:      It increases your willpower.
 C - the +0 pair of boots of the Hall of Blades (worn) {rElec Will+ Regen+ Str-5}
   (You found it on level 3 of the Elven Halls)

   Str:       It affects your strength (-5).
   rElec:     It insulates you from electricity.
   Regen:     It increases your rate of health regeneration.
   Will:      It increases your willpower.
Magical Staves
 X - a staff of conjuration (weapon)
Jewellery
 s - a ring of the Octopus King (right hand) {rF+ AC+1 EV+1 Str+1 Int+1 Dex+1}
   (You found it on level 2 of the Swamp)

   [ring of protection from fire]

   AC:        It affects your AC (+1).
   EV:        It affects your evasion (+1).
   Str:       It affects your strength (+1).
   Int:       It affects your intelligence (+1).
   Dex:       It affects your dexterity (+1).
   rF:        It protects you from fire.
 t - the ring of the Voracious God {Will+ rCorr Stlth+}
   (You took it off a deep elf high priest on level 3 of the Elven Halls)

   [ring of willpower]

   rCorr:     It protects you from acid and corrosion.
   Will:      It increases your willpower.
   Stlth:     It makes you more stealthy.
 L - a ring of see invisible
 N - the amulet of Giluj (around neck) {Reflect SH+5 SInv}
   (You took it off an ironbound thunderhulk in a wizard's laboratory)

   [amulet of reflection]

   It reflects blocked missile attacks.
   SInv:      It lets you see invisible.
   SH:        It affects your SH (+5).
 S - the ring "Dohuel" {rPois Str+4 Slay+5}
   (You found it on level 11 of the Dungeon)

   [ring of poison resistance]

   Str:       It affects your strength (+4).
   Slay:      It affects your accuracy & damage with ranged weapons and melee
   (+5).
   rPois:     It protects you from poison.
 U - a ring of fire (left hand)
 Z - the ring of Hedonism {EV+4 Dex+4}
   (You found it on level 14 of the Dungeon)

   [ring of evasion]

   EV:        It affects your evasion (+4).
   Dex:       It affects your dexterity (+4).
Wands
 a - a wand of flame (120)
 f - a wand of acid (10)
 y - a wand of iceblast (59)
 D - a wand of digging (14)
 H - a wand of charming (16)
 I - a wand of mindburst (28)
 V - a wand of paralysis (13)
Scrolls
 d - 13 scrolls of fog
 h - 8 scrolls of immolation
 i - 6 scrolls of brand weapon
 A - 4 scrolls of enchant weapon
 B - 10 scrolls of blinking
 F - 3 scrolls of summoning
 G - 4 scrolls of fear
 J - 5 scrolls of silence
 K - 8 scrolls of teleportation
 M - 4 scrolls of magic mapping
 P - 6 scrolls of enchant armour
Potions
 b - 6 potions of magic
 j - 5 potions of might
 k - 2 potions of resistance
 l - 15 potions of heal wounds
 m - 8 potions of invisibility
 n - 8 potions of haste
 r - 28 potions of curing
 z - 5 potions of berserk rage
 E - 2 potions of ambrosia
 O - 3 potions of brilliance
 Q - 9 potions of mutation
 T - 5 potions of cancellation
Miscellaneous
 g - a phantom mirror
 p - a box of beasts
 w - a tin of tremorstones (2/2)
 R - a lightning rod (4/4)
 W - a phial of floods


   Skills:
 - Level 10.0 Fighting
 + Level 6.7 Armour
 - Level 10.0 Dodging
 - Level 10.0 Stealth
 - Level 10.0 Shields
 + Level 20.0 Spellcasting
 + Level 21.9 Conjurations
 - Level 15.0 Hexes
 - Level 5.0 Translocations
 * Level 16.2 Fire Magic
 - Level 5.0 Ice Magic
 - Level 5.0 Air Magic
 - Level 5.0 Earth Magic
 - Level 10.0 Evocations


You had 14 spell levels left.
You knew the following spells:

 Your Spells              Type           Power      Damage    Failure   Level
a - Orb of Destruction    Conj           63%        9d15      1%          7
b - Stone Arrow           Conj/Erth      100%       3d13      0%          3
c - Fulminant Prism       Conj/Hex       59%        3d25      0%          4
d - Iskenderun's Mystic   Conj/Tloc      100%       2d19      1%          4
e - Blink                 Tloc           100%       N/A       1%          2
f - Passwall              Tmut/Erth      37%        N/A       1%          2
g - Mephitic Cloud        Conj/Pois/Air  90%        N/A       1%          3
i - Freezing Cloud        Conj/Ice/Air   48%        6-21      1%          5
j - Flame Wave            Conj/Fire      100%       2d17      0%          4
k - Lightning Bolt        Conj/Air       52%        1d74      1%          5
l - Fire Storm            Conj/Fire      72%        8d18      16%         9

Your spell library contained the following spells:

 Spells                   Type           Power      Damage    Failure   Level
 Maxwell's Capacitive Co  Air            28%        ∞         95%         8
 Shatter                  Erth           28%        3d23*     100%        9
 Foxfire                  Conj/Fire      100%       2x1d9     0%          1
 Magic Dart               Conj           100%       1d8       0%          1
 Scorch                   Fire           100%       2d10      0%          2
 Searing Ray              Conj           100%       2d8       0%          2
 Conjure Flame            Conj/Fire      100%       6-21      0%          3
 Dazzling Flash           Conj/Hex       100%       N/A       0%          3
 Inner Flame              Hex/Fire       100%       N/A       0%          3
 Tukima's Dance           Hex            88%        N/A       0%          3
 Fireball                 Conj/Fire      72%        3d27      0%          5
 Iskenderun's Battlesphe  Conj           100%       2d15      0%          5
 Animate Skeleton         Necr           60%        N/A       1%          1
 Pain                     Necr           100%       1d9       1%          1
 Sandblast                Erth           100%       2d20      1%          1
 Sting                    Tmut/Pois      100%       1d8       1%          1
 Summon Small Mammal      Summ           100%       N/A       1%          1
 Corpse Rot               Necr/Air       90%        N/A       1%          2
 Ensorcelled Hibernation  Hex/Ice        100%       N/A       1%          2
 Poisonous Vapours        Pois/Air       90%        N/A       1%          2
 Frozen Ramparts          Ice            100%       1d12      1%          3
 Gell's Gravitas          Tloc           56%        N/A       1%          3
 Ignite Poison            Fire/Tmut/Pois 76%        N/A       1%          3
 Lesser Beckoning         Tloc           56%        N/A       1%          3
 Portal Projectile        Hex/Tloc       100%       N/A       1%          3
 Summon Guardian Golem    Hex/Summ       66%        N/A       1%          3
 Swiftness                Air            56%        N/A       1%          3
 Teleport Other           Tloc           56%        N/A       1%          3
 Airstrike                Air            28%        N/A       1%          4
 Leda's Liquefaction      Hex/Erth       37%        N/A       1%          4
 Passage of Golubria      Tloc           56%        N/A       1%          4
 Irradiate                Conj/Tmut      48%        3d29      1%          5
 Lee's Rapid Deconstruct  Erth           28%        3d16*     1%          5
 Silence                  Hex/Air        37%        N/A       1%          5
 Yara's Violent Unravell  Hex/Tmut       33%        3d14      1%          5
 Conjure Ball Lightning   Conj/Air       52%        3x3d18    1%          6
 Sublimation of Blood     Necr           30%        N/A       2%          2
 Call Canine Familiar     Summ           30%        N/A       4%          3
 Olgreb's Toxic Radiance  Pois           30%        N/A       4%          4
 Animate Armour           Summ/Erth      90%        N/A       5%          4
 Ice Form                 Ice/Tmut       45%        N/A       5%          4
 Petrify                  Tmut/Erth      45%        N/A       5%          4
 Summon Ice Beast         Ice/Summ       45%        N/A       5%          4
 Summon Lightning Spire   Summ/Air       45%        N/A       5%          4
 Manifold Assault         Tloc           56%        N/A       5%          5
 Lehudib's Crystal Spear  Conj/Erth      52%        10d12     11%         8
 Discord                  Hex            44%        N/A       21%         8
 Dispersal                Tloc           28%        N/A       28%         6
 Excruciating Wounds      Necr           15%        N/A       38%         5
 Eringya's Noxious Bog    Tmut/Pois      15%        N/A       47%         6
 Simulacrum               Ice/Necr       22%        N/A       63%         6
 Statue Form              Tmut/Erth      30%        N/A       63%         6
 Summon Cactus Giant      Summ           15%        N/A       92%         6
 Dragon Form              Tmut           15%        N/A       100%        7
 Haunt                    Necr/Summ      15%        N/A       100%        7
 Disjunction              Tloc           28%        N/A       100%        8


Dungeon Overview and Level Annotations

Branches:
Dungeon (15/15)            Temple (1/1) D:6            Lair (6/6) D:10
  Swamp (4/4) Lair:2        Snake (4/4) Lair:2        Slime (1/5) Lair:6
    Orc (2/2) D:11            Elf (3/3) Orc:2        Vaults (4/5) D:14
  Crypt (0/3) Vaults:3     Depths (4/4) D:15            Zot (0/5) Depths:4
  Sewer (visited)           IceCv (visited)          WizLab (visited)

Altars:
Cheibriados
Dithmenos
Elyvilon
Fedhas
Gozag
Hepliaklqana
Kikubaaqudgha
Makhleb
Nemelex Xobeh
Okawaru
Qazlal
Ru
Sif Muna
Vehumet
Wu Jian
Xom
The Shining One
Jiyva
Lugonu

Shops:
D:5 *   D:7 (   Orc:2 !=!*(   Elf:1 (([   Elf:3 :   Snake:3 [   Snake:4 ?
Vaults:1 =   Vaults:2 (   Depths:1 *   Depths:2 =!

Portals:
Hell: Depths:1 Depths:2 Depths:3 Depths:4
Abyss: Depths:2 Depths:3 Depths:4
Pandemonium: Orc:2 Depths:2 Depths:4
Ziggurat: Depths:4
Trove: D:14 (give +3 shadow dragon scales)

Annotations:
Vaults:2 2 transporters, Ixoes's ghost, veteran DgFi


Innate Abilities, Weirdness & Mutations

You are completely covered in yellow scales. (AC +4, rCorr)
A powerful demonic guardian rushes to your aid.
You sometimes gain power by taking damage.
You are resistant to unholy torment.
You punish those that try to bend your will. (Will+)
You have a sharp stinger which inflicts weakening toxins.


Message History

The mystic blast hits the rockslime!!
The rockslime is moderately wounded.
The rockslime is knocked back by the mystic blast.
The mystic blast hits the fungus!!
The fungus begins to die.
The fungus is lightly damaged.
The titanic slime creature is engulfed in blazing flames.
Casting: Iskenderun's Mystic Blast (safe; 1% risk of failure)
Confirm with . or Enter, or press ? or * to list all spells.
You blink.
The titanic slime creature is engulfed in blazing flames.
The titanic slime creature barely misses you.
The slime creature hits you!
* * * LOW HITPOINT WARNING * * *
Casting: Blink (safe; 1% risk of failure)
Confirm with . or Enter, or press ? or * to list all spells.
You blink.
The rockslime barely misses you.
A nearby fungus withers and dies.
The rockslime attacks as you move away! You block the rockslime's attack.
Casting: Blink (safe; 1% risk of failure)
Confirm with . or Enter, or press ? or * to list all spells.
You feel a surge of power!
You erupt in a blast of force!
The mystic blast hits the rockslime!
The rockslime is lightly wounded.
The rockslime is knocked back by the mystic blast.
The mystic blast hits the slime creature.
The slime creature is almost dead.
The mystic blast hits the titanic slime creature!!
The titanic slime creature is severely wounded.
The titanic slime creature is knocked back by the mystic blast.
The titanic slime creature collides with the rockslime!
The titanic slime creature is severely wounded.
The mystic blast hits the rockslime but does no damage.
The rockslime is moderately wounded.
The mystic blast hits the fungus!!
The fungus begins to die.
The fungus is lightly damaged.
The rockslime hits you!!
* * * LOW HITPOINT WARNING * * *
A demonic guardian appears!
You focus on the pain.
You feel your power returning.
You stumble backwards!
The rockslime hits you!!
You die...

##....#..##...##...##.....
##..##..##{>.##..##......
###..#..'JJ..##..###..#..
###.###...#######.###.#)#..
#....#.JJ.## ##..........
#P.....1...#####...........
###.......P.............[P..
#.........J................#
#..........@......#..#######
##...............#....##.#
##..........#..#.#.......###
#.#........................##
##..........................#
##.......P................#.
##.......##................
###.....###..............††.
#.#....## #..............#..


You could see a titanic slime creature, 2 rockslimes and a friendly Brimstone
Fiend (summoned).

Vanquished Creatures
  Mara (Vaults:2)
  Vv (Depths:4)
  Bai Suzhen (Snake:4)
  Vashnia (Snake:2)
  2 golden dragons (Depths:4)
  A bone dragon (Swamp:4)
  A Tzitzimitl (Depths:3)
  An electric golem (WizLab)
  A tentacled monstrosity (Swamp:4)
  Jorgrun (Swamp:2)
  A lich (Vaults:4)
  The ghost of Slifar the Hand of Fortune, an adept DrCj of Nemelex Xobeh (Elf:3)
  2 deep elf blademasters (Elf:3)
  A titan (Vaults:1)
  2 deep elf master archers (Elf:3)
  2 acid blobs (Slime:1)
  3 sphinxes
  A shadow dragon (Depths:3)
  Agnes (Snake:1)
  Kirke (Snake:2)
  A storm dragon (Depths:2)
  Donald (Snake:1)
  Roxanne (Snake:2)
  5 nagarajas
  The ghost of Orchucw the Marksminotaur, an adept MiHu of Nemelex Xobeh (Snake:2)
  2 deep elf sorcerers
  3 azure jellies (Slime:1)
  Aizul (Snake:1)
  Louise (Swamp:1)
  A fenstrider witch (Swamp:1)
  9 fire giants
  4 frost giants
  12 vault wardens
  An angel (WizLab)
  7 deep elf elementalists
  A quicksilver ooze (Slime:1)
  A draconian annihilator (Depths:4)
  10 ironbound thunderhulks
  A juggernaut skeleton (Depths:3)
  4 war gargoyles
  10 stone giants
  A reaper (Depths:2)
  21 very ugly things
  6 vampire knights
  17 ironbound preservers
  9 deep elf demonologists
  2 grey draconians (Depths:4)
  5 deep elf annihilators (Elf:3)
  6 eleionomae
  2 green draconians (Depths:4)
  10 spark wasps
  A bunyip (shapeshifter) (Depths:2)
  A dire elephant (Vaults:2)
  2 black draconians (Depths:4)
  3 bunyips
  7 ettins
  The ghost of Lupesig the Peltast, a journeyman MiFi of Trog (Lair:3)
  4 deep elf death magi (Elf:3)
  2 white draconians (Depths:4)
  2 jiangshi (Depths:1)
  Josephine (Lair:2)
  A shambling mangrove (Swamp:2)
  6 crystal guardians
  9 yaktaur captains
  3 deep elf high priests
  7 fire dragons
  6 great orbs of eyes
  5 boulder beetles
  5 ghost crabs
  10 hydras
  5 rakshasas
  9 peacekeepers
  A caustic shrike simulacrum (Depths:3)
  5 salamander tyrants
  5 vault guards (Vaults:2)
  10 ice dragons
  10 ironbound frosthearts
  The ghost of dracfodder the Fighter, a journeyman GrBe of Trog (Lair:1)
  3 demonspawn (Orc:2)
  An ogre mage (D:12)
  3 catoblepae
  8 anacondas
  22 centaur warriors
  6 alligators
  34 dancing weapons
  6 death yaks
  10 two-headed ogres
  A death knight (Vaults:3)
  7 deep troll shamans
  16 naga warriors
  2 tengu warriors
  8 deep troll earth magi
  3 vampire magi
  5 orc high priests (Orc:2)
  7 spriggan berserkers
  16 naga sharpshooters
  10 shock serpents
  15 deep elf knights
  9 iron trolls
  5 hell knights (Depths:2)
  2 sixfirhies
  3 skeletal warriors (D:13)
  A soul eater (Vaults:3)
  4 salamander mystics
  53 deep trolls
  6 shadow wraiths (Depths:3)
  3 spriggan druids
  A death drake (shapeshifter) (Elf:2)
  A spark wasp zombie (Depths:3)
  8 naga ritualists
  6 sea snakes (Snake:2)
  2 glowing orange brains
  3 goliath frogs
  3 shadow demons (Depths:3)
  13 wizards
  2 flayed ghosts
  9 swamp dragons
  11 bog bodies
  2 spectral hydras (Swamp:4)
  18 deep elf archers
  4 orc knights (Orc:2)
  Pikel (D:8)
  2 phantasmal warriors
  6 necromancers
  6 lindwurms
  7 mana vipers
  A harpy (shapeshifter) (D:15)
  14 ironbound convokers
  8 orc sorcerers
  28 deep elf zephyrmancers
  54 ugly things
  2 shining eyes (Slime:1)
  31 deep elf pyromancers
  A salamander (shapeshifter) (D:14)
  8 cyclopes
  4 manticores
  An iron dragon skeleton (Depths:3)
  A fire giant zombie (Depths:3)
  An ice statue (IceCv)
  26 salamanders
  13 vault sentinels
  3 will-o-the-wisps
  A rust devil (Depths:2)
  6 molten gargoyles (WizLab)
  2 torpor snails
  24 cane toads
  An orange demon (Orc:2)
  16 naga magi
  11 elephants
  6 guardian serpents
  A smoke demon (Depths:2)
  8 gargoyles
  34 black mambas
  4 centaur skeletons (D:15)
  12 rime drakes
  5 komodo dragons
  A freezing wraith (Vaults:3)
  A yaktaur (shapeshifter) (D:14)
  2 tengu conjurers
  28 yaktaurs
  2 kobold demonologists
  6 swamp worm zombies (Swamp:4)
  An ice devil (Depths:2)
  A red devil (Depths:2)
  6 polar bears
  5 trolls
  A meliai (D:12)
  5 hydra zombies (Swamp:4)
  22 hornets
  4 bloated husks
  A tarantella (Vaults:1)
  11 tyrant leeches
  19 blink frogs
  3 dream sheep (Lair:2)
  2 hornets (shapeshifter)
  37 slime creatures
  3 spectral swamp dragons (Swamp:4)
  A jumping spider (Vaults:1)
  2 alligator zombies (Swamp:4)
  A centaur simulacrum (D:15)
  A culicivora (shapeshifter) (D:13)
  A shadow (D:8)
  24 spriggans
  7 wyverns
  A ynoxinul (Orc:2)
  2 air elementals
  8 fire elementals
  5 water elementals
  7 wraiths
  A vampire (D:12)
  32 yaks
  A golden eye (Slime:1)
  A hog (shapeshifter) (D:12)
  A redback (shapeshifter) (Depths:4)
  6 basilisks
  A redback (Vaults:1)
  20 vampire mosquitoes
  A steam dragon (D:8)
  37 nagas
  Menkaure (D:7)
  25 swamp worms
  5 acid dragons
  A warg (Orc:2)
  17 water moccasins
  A floating eye (shapeshifter) (D:13)
  20 orc warriors
  2 swamp drakes
  4 ice beasts
  A black bear (D:5)
  2 swamp dragon zombies (Swamp:4)
  6 ogres
  3 elephant zombies (Lair:3)
  A sky beast (D:5)
  25 wolves
  3 boggarts (Vaults:3)
  15 centaurs
  9 phantoms
  A komodo dragon zombie (Lair:3)
  7 kobold brigands
  23 bullfrogs
  2 gnoll sergeants
  A scorpion (D:4)
  A necrophage (D:7)
  3 earth elementals
  14 wights
  19 killer bees
  13 electric eels
  A howler monkey (D:6)
  A basilisk zombie (Lair:3)
  2 jellies
  28 orc priests
  2 hounds
  A gnoll shaman (D:9)
  4 iguanas
  Terence (D:3)
  Natasha (thrice) (D:2)
  15 orc wizards
  2 lightning spires (WizLab)
  6 hell rats (Lair:4)
  A spectral swamp drake (Swamp:4)
  10 gnolls
  12 adders
  2 swamp drake zombies (Swamp:4)
  A shadow imp (D:7)
  3 white imps
  2 ufetubi (D:5)
  A worm (shapeshifter) (Depths:3)
  6 worms
  4 dart slugs
  41 orcs
  6 ball pythons
  11 endoplasms
  7 giant cockroaches
  6 goblins
  12 hobgoblins
  22 kobolds
  4 quokkas
  6 bats
  A frilled lizard (D:2)
  12 rats
  A fulminant prism (D:8)
1789 creatures vanquished.

Vanquished Creatures (collateral kills)
  A juggernaut (Depths:4)
  A titan (Depths:4)
  Gastronok (D:8)
  2 storm dragons
  A shadow dragon (Depths:3)
  2 frost giants (Depths:4)
  A vault warden (Vaults:1)
  A draconian annihilator (Depths:4)
  An ironbound thunderhulk (Vaults:1)
  A deep elf annihilator (Depths:3)
  A great orb of eyes (Vaults:1)
  A vault guard (Vaults:2)
  A boulder beetle (D:14)
  A peacekeeper (WizLab)
  An anaconda (Snake:4)
  2 shock serpents (Snake:3)
  A naga sharpshooter (Snake:2)
  A naga ritualist (Snake:4)
  A flayed ghost (Depths:2)
  2 ironbound convokers
  A mana viper (Snake:3)
  A deep elf zephyrmancer (Elf:2)
  A cyclops (D:13)
  2 yaktaurs
  A komodo dragon (D:12)
  2 slime creatures
  2 hornets (Swamp:2)
  2 yaks (IceCv)
  An ogre (D:5)
37 creatures vanquished.

Vanquished Creatures (others)
  A naga warrior (Snake:3)
  A deep elf zephyrmancer (Elf:3)
  A gargoyle (WizLab)
  A rime drake (IceCv)
  A bloated husk (Swamp:1)
  4 humans (Snake:2)
  A naga (Snake:3)
  7 demonic plants (D:2)
  87 fire vortices
  2 foxfires (Swamp:4)
  136 fulminant prisms
  44 fungi
  210 plants
  4 withered plants (D:2)
500 creatures vanquished.

Grand Total: 2326 creatures vanquished

Notes
Turn   | Place    | Note
-------+----------+-------------------------------------------
     0 | D:1      | siradein the Demonspawn Conjurer began the quest for the
                  | Orb.
     0 | D:1      | Reached XP level 1. HP: 13/13 MP: 3/3
   343 | D:1      | Gained mutation: You have a small tail. [demonic ancestry]
   343 | D:1      | Reached XP level 2. HP: 17/19 MP: 0/5
   346 | D:1      | Learned a level 2 spell: Searing Ray
  1152 | D:1      | Reached XP level 3. HP: 5/24 MP: 1/7
  1905 | D:2      | Noticed Natasha
  1926 | D:2      | Killed Natasha
  1927 | D:2      | Reached skill level 5 in Conjurations
  1927 | D:2      | Gained mutation: You sometimes gain a little power by
                  | taking damage. [demonic ancestry]
  1927 | D:2      | Reached XP level 4. HP: 30/30 MP: 4/8
  2028 | D:2      | Found a faded altar of an unknown god.
  2108 | D:2      | Found an opulent altar of Gozag.
  2340 | D:2      | Noticed Natasha
  2346 | D:2      | Killed Natasha
  2678 | D:2      | Found an opulent altar of Gozag.
  2702 | D:2      | Found a faded altar of an unknown god.
  2796 | D:2      | Noticed Natasha
  2799 | D:2      | Killed Natasha
  2800 | D:2      | Reached XP level 5. HP: 30/35 MP: 5/10
  3288 | D:3      | Noticed Terence
  3299 | D:3      | Killed Terence
  3359 | D:3      | Found a glowing drain.
  3384 | Sewer    | Entered a sewer
  3749 | Sewer    | Reached XP level 6. HP: 41/41 MP: 6/12
  3753 | Sewer    | Reached skill level 6 in Conjurations
  4466 | Sewer    | Reached skill level 5 in Spellcasting
  4466 | Sewer    | Reached XP level 7. HP: 46/46 MP: 4/14
  5441 | D:4      | Learned a level 4 spell: Fulminant Prism
  5647 | D:4      | Reached skill level 7 in Conjurations
  5650 | D:4      | Reached skill level 1 in Hexes
  6599 | D:4      | Gained mutation: A weak demonic guardian rushes to your
                  | aid. [demonic ancestry]
  6599 | D:4      | Reached XP level 8. HP: 52/52 MP: 12/17
  6688 | D:5      | Entered Level 5 of the Dungeon
  6696 | D:5      | Found Didoh's Desiderata Depot.
  7290 | D:5      | Found a shimmering blue altar of Sif Muna.
  7290 | D:5      | Found a blossoming altar of Fedhas.
  7300 | D:5      | Found a burning altar of Makhleb.
  7302 | D:5      | Found a sacrificial altar of Ru.
  7483 | D:5      | Learned a level 4 spell: Iskenderun's Mystic Blast
  7486 | D:5      | Learned a level 2 spell: Blink
  7489 | D:5      | Learned a level 2 spell: Passwall
  7774 | D:5      | Found an ornate altar of the Wu Jian Council.
  7793 | D:5      | Reached skill level 8 in Conjurations
  7875 | D:5      | Reached skill level 1 in Translocations
  8178 | D:5      | Found a sparkling altar of Nemelex Xobeh.
  8553 | D:6      | Learned a level 3 spell: Mephitic Cloud
  8579 | D:6      | Identified a scroll of acquirement
  8991 | D:6      | Reached XP level 9. HP: 56/57 MP: 5/19
  9240 | D:6      | Found a staircase to the Ecumenical Temple.
  9249 | Temple   | Entered the Ecumenical Temple
  9283 | Temple   | Became a worshipper of Vehumet
  9850 | D:7      | Reached skill level 5 in Hexes
  9955 | D:7      | Noticed Menkaure
 10125 | D:7      | Killed Menkaure
 10381 | D:7      | Found Agguk's Weapon Shop.
 10612 | D:8      | Noticed a two-headed ogre
 10625 | D:8      | Killed a two-headed ogre
 10626 | D:8      | Reached skill level 9 in Conjurations
 10799 | D:8      | Noticed a two-headed ogre
 10814 | D:8      | Killed a two-headed ogre
 10815 | D:8      | Gained mutation: You have a tail ending in a sharp stinger.
                  | [demonic ancestry]
 10815 | D:8      | Reached XP level 10. HP: 63/63 MP: 6/22
 11173 | D:8      | Noticed Pikel
 11182 | D:8      | Killed Pikel
 11599 | D:8      | Reached skill level 5 in Translocations
 11789 | D:8      | Reached skill level 1 in Fighting
 11797 | D:8      | Reached * piety under Vehumet
 11797 | D:8      | Offered knowledge of Shock by Vehumet.
 12116 | D:8      | Noticed Gastronok
 12696 | D:8      | Reached skill level 10 in Conjurations
 13759 | D:9      | Noticed a two-headed ogre
 13782 | D:9      | Killed a two-headed ogre
 14257 | D:9      | Noticed a two-headed ogre
 14263 | D:9      | Killed a two-headed ogre
 14264 | D:9      | Gained mutation: A demonic guardian rushes to your aid.
                  | [demonic ancestry]
 14264 | D:9      | Reached XP level 11. HP: 74/75 MP: 15/23
 14433 | D:9      | Acquired the +1 cloak of Starlight {*Dazzle EV+4 Stlth--}
 14433 | D:9      | Found the +1 cloak of Starlight {*Dazzle EV+4 Stlth--}
 14720 | D:9      | Noticed a two-headed ogre
 14728 | D:9      | Killed a two-headed ogre
 14968 | D:9      | Offered knowledge of Poisonous Vapours by Vehumet.
 15011 | D:9      | Reached ** piety under Vehumet
 15499 | D:10     | Entered Level 10 of the Dungeon
 15659 | D:10     | Identified the +1 leather armour of Loss {Dex+2}
 16360 | D:10     | Noticed a two-headed ogre
 16381 | D:10     | Killed a two-headed ogre
 16657 | D:10     | Found a staircase to the Lair.
 17009 | D:11     | Noticed a four-headed hydra
 17018 | D:11     | Killed a four-headed hydra
 17267 | D:11     | Identified the ring "Dohuel" {rPois Str+4 Slay+5}
 17299 | D:11     | Got the Compendium of Stones and the Birds
 17305 | D:11     | Learned a level 3 spell: Stone Arrow
 17311 | D:11     | Learned a level 5 spell: Freezing Cloud
 17381 | D:11     | Reached skill level 11 in Conjurations
 17503 | D:11     | Reached skill level 5 in Fighting
 17504 | D:11     | Offered knowledge of Frozen Ramparts by Vehumet.
 17505 | D:11     | Reached skill level 1 in Ice Magic
 17506 | D:11     | Reached skill level 1 in Earth Magic
 17725 | D:11     | Found a staircase to the Orcish Mines.
 18355 | D:8      | Killed Gastronok
 18356 | D:8      | Reached skill level 5 in Dodging
 18356 | D:8      | Reached skill level 1 in Air Magic
 18898 | Lair:1   | Entered Level 1 of the Lair of Beasts
 18987 | Lair:1   | Found a runed translucent gate.
 18987 | Lair:1   | Found a runed translucent gate.
 18987 | Lair:1   | Found a runed translucent gate.
 18987 | Lair:1   | Noticed dracfodder's ghost (journeyman GrBe)
 19137 | Lair:1   | Gained mutation: You are partially covered in yellow
                  | scales. (AC +2) [demonic ancestry]
 19137 | Lair:1   | Reached XP level 12. HP: 86/86 MP: 17/25
 19584 | D:5      | Bought a manual of Dodging for 880 gold pieces
 20164 | Lair:1   | You are sucked into a shaft and drop 1 floor!
 20824 | Lair:2   | Reached *** piety under Vehumet
 21048 | Lair:2   | Reached skill level 10 in Spellcasting
 21076 | Lair:2   | Found a staircase to the Snake Pit.
 21389 | Lair:2   | Found a staircase to the Swamp.
 22151 | Lair:3   | Offered knowledge of Hailstorm by Vehumet.
 22380 | Lair:3   | Learned a level 4 spell: Flame Wave
 23240 | Lair:3   | Reached **** piety under Vehumet
 23926 | Lair:3   | Found a runed translucent door.
 23931 | Lair:3   | Identified the +3 trident "Goasoss" {vorpal, Will+ rCorr
                  | Str+7 Int-4}
 23932 | Lair:3   | Noticed Lupesig's ghost (journeyman MiFi)
 24237 | Lair:4   | Reached XP level 13. HP: 94/94 MP: 15/27
 24966 | Lair:4   | Offered knowledge of Irradiate by Vehumet.
 26813 | Lair:5   | Found a frozen archway.
 26829 | IceCv    | Entered an ice cave
 26953 | IceCv    | Reached skill level 12 in Conjurations
 26960 | IceCv    | Reached skill level 10 in Hexes
 28035 | IceCv    | Noticed a frost giant
 28050 | IceCv    | Reached skill level 5 in Ice Magic
 28081 | IceCv    | Killed a frost giant
 28340 | IceCv    | Reached skill level 5 in Air Magic
 28340 | IceCv    | Reached skill level 5 in Earth Magic
 29048 | Lair:5   | Reached ***** piety under Vehumet
 29172 | Lair:5   | Offered knowledge of Spellforged Servitor by Vehumet.
 29218 | Lair:5   | Gained mutation: You sometimes gain power by taking damage.
                  | [demonic ancestry]
 29218 | Lair:5   | Reached XP level 14. HP: 104/104 MP: 2/28
 30011 | Lair:5   | Upgraded the game from 0.29-a0-384-g6960b1960d to
                  | 0.29-a0-392-g297d3b089c
 30035 | Lair:6   | Entered Level 6 of the Lair of Beasts
 30036 | Lair:6   | Acquired the +1 buckler "Vefeogy" {rCorr}
 30364 | Lair:6   | Reached skill level 1 in Shields
 31176 | Lair:6   | Learned a level 5 spell: Lightning Bolt
 32097 | Lair:6   | Found a viscous altar of Jiyva.
 32097 | Lair:6   | Found a staircase to the Slime Pits.
 32757 | Lair:1   | Killed dracfodder's ghost
 33511 | D:12     | Reached skill level 10 in Dodging
 33635 | D:12     | Noticed a storm dragon
 33705 | D:12     | Killed a storm dragon
 34233 | D:12     | Reached skill level 13 in Conjurations
 35089 | D:12     | Offered knowledge of Ozocubu's Refrigeration by Vehumet.
 35872 | D:12     | Reached skill level 1 in Fire Magic
 36147 | Orc:1    | Entered Level 1 of the Orcish Mines
 37083 | Orc:2    | Entered Level 2 of the Orcish Mines
 37108 | Orc:2    | Found Mavad's Distillery.
 37197 | Orc:2    | Bought a potion of brilliance for 56 gold pieces
 37197 | Orc:2    | Bought a potion of flight for 42 gold pieces
 37532 | Orc:2    | Gained mutation: You punish those that try to bend your
                  | will. (Will+) [demonic ancestry]
 37532 | Orc:2    | Reached XP level 15. HP: 113/113 MP: 13/30
 37952 | Orc:2    | Found a staircase to the Elven Halls.
 38398 | Orc:2    | Found Xinwoegurgh's General Store.
 38401 | Orc:2    | Found Tasubeca's Distillery.
 38660 | Orc:2    | Bought a potion of resistance for 130 gold pieces
 38660 | Orc:2    | Bought a potion of heal wounds for 65 gold pieces
 38969 | Orc:2    | Offered knowledge of Conjure Ball Lightning by Vehumet.
 39729 | Orc:2    | Found Bibesot's Antique Weapon Boutique.
 39729 | Orc:2    | Found Rafuin's Jewellery Shop.
 39730 | Orc:2    | Found a one-way gate leading to the halls of Pandemonium.
 40099 | D:13     | Reached skill level 5 in Stealth
 41140 | D:14     | Found a gate to the Vaults.
 41401 | D:14     | Reached skill level 1 in Evocations
 41844 | D:14     | Reached skill level 5 in Shields
 42324 | D:14     | Identified the ring of Hedonism {EV+4 Dex+4}
 42529 | D:14     | Found a portal to a secret trove of treasure.
 42560 | D:14     | Reached skill level 5 in Fire Magic
 43362 | D:14     | Got The Catalogue of Greatest Risks and Utility
 43416 | D:15     | Entered Level 15 of the Dungeon
 43442 | D:15     | Found a sacrificial altar of Ru.
 43651 | D:15     | Reached skill level 10 in Fighting
 44082 | D:15     | Offered knowledge of Iskenderun's Battlesphere by Vehumet.
 44212 | D:15     | Got the Incunabulum of Dark Secrets
 44588 | D:15     | Reached XP level 16. HP: 122/122 MP: 29/32
 44870 | D:15     | Found a staircase to the Depths.
 45323 | Swamp:1  | Entered Level 1 of the Swamp
 45499 | Swamp:1  | Noticed Josephine
 45511 | Lair:2   | Killed Josephine
 45816 | Swamp:1  | Paralysed by a fenstrider witch for 2 turns
 46095 | Swamp:1  | Reached skill level 14 in Conjurations
 46558 | Swamp:1  | Noticed Louise
 46592 | Swamp:1  | Killed Louise
 47191 | Swamp:2  | Noticed Jorgrun
 47202 | Swamp:2  | Killed Jorgrun
 48417 | Swamp:2  | Offered knowledge of Orb of Destruction by Vehumet.
 48654 | Swamp:2  | Found the ring of the Octopus King
 48664 | Swamp:2  | Identified a ring of the Octopus King {rF+ AC+1 EV+1 Str+1
                  | Int+1 Dex+1}
 49309 | Swamp:3  | Identified the +8 shortbow of Arbitration {flame, rPois
                  | Dex+3}
 49949 | Swamp:3  | Identified the +10 scale mail of Doroivac {rF++ Str-5}
 50142 | Snake:1  | Entered Level 1 of the Snake Pit
 50320 | Snake:1  | Reached skill level 5 in Evocations
 50514 | Snake:1  | Noticed Aizul
 50653 | Snake:1  | Killed Aizul
 50903 | Snake:1  | Noticed Agnes
 51043 | Snake:1  | Identified the +0 hand crossbow of the Spheres {venom,
                  | Will+ Int+4}
 51141 | Snake:1  | Gained mutation: You are mostly covered in yellow scales.
                  | (AC +3) [demonic ancestry]
 51141 | Snake:1  | Reached XP level 17. HP: 128/128 MP: 17/33
 51197 | Snake:1  | Learned a level 7 spell: Orb of Destruction
 51342 | Snake:1  | Noticed Donald
 51362 | Snake:1  | Killed Donald
 51504 | Snake:1  | Killed Agnes
 51787 | Snake:2  | Offered knowledge of Lee's Rapid Deconstruction by Vehumet.
 52458 | Snake:2  | Noticed Kirke
 52463 | Snake:2  | Killed Kirke
 52580 | Snake:2  | Noticed Roxanne
 52612 | Snake:2  | Killed Roxanne
 52746 | Snake:2  | Noticed Orchucw's ghost (adept MiHu)
 52747 | Snake:2  | Found a runed translucent door.
 54204 | Lair:3   | Killed Lupesig's ghost
 54447 | Snake:2  | Noticed Vashnia
 54873 | Snake:2  | Killed Vashnia
 56518 | Snake:3  | Reached skill level 15 in Conjurations
 56926 | Snake:3  | Found Cenkudux's Antique Armour Shop.
 57038 | Snake:3  | Offered knowledge of Ignition by Vehumet.
 57044 | Snake:3  | Identified the +8 broad axe of Bimman {venom, rElec rC+
                  | Str+4 Int-5}
 58344 | Snake:3  | Reached skill level 10 in Fire Magic
 59579 | Snake:4  | Entered Level 4 of the Snake Pit
 59595 | Snake:4  | Gained mutation: You have a sharp stinger which inflicts
                  | weakening toxins. [demonic ancestry]
 59595 | Snake:4  | Reached XP level 18. HP: 134/134 MP: 26/35
 59679 | Snake:4  | Noticed Bai Suzhen
 59831 | Snake:4  | Killed Bai Suzhen
 60973 | Snake:4  | Found Omuawu's Magic Scroll Emporium.
 60977 | Snake:4  | Bought a scroll of teleportation for 51 gold pieces
 60977 | Snake:4  | Bought a scroll of teleportation for 51 gold pieces
 62919 | Snake:4  | Got a serpentine rune of Zot
 63394 | Swamp:4  | Entered Level 4 of the Swamp
 63723 | Swamp:4  | Noticed a tentacled monstrosity
 64064 | Swamp:4  | Killed a tentacled monstrosity
 64735 | Swamp:4  | Reached skill level 10 in Stealth
 66655 | Swamp:4  | Noticed a bone dragon
 66668 | Swamp:4  | Killed a bone dragon
 66961 | Swamp:4  | Got a decaying rune of Zot
 67256 | Vaults:1 | Entered Level 1 of the Vaults
 67311 | Vaults:1 | Found a magical portal.
 67320 | WizLab   | Entered Maxwell's Workshop
 68341 | WizLab   | Identified the +4 hunting sling of Tension {freeze, Dex+2}
 68350 | WizLab   | Gained mutation: You are completely covered in yellow
                  | scales. (AC +4, rCorr) [demonic ancestry]
 68350 | WizLab   | Reached XP level 19. HP: 131/140 MP: 22/37
 68462 | WizLab   | Reached skill level 16 in Conjurations
 68551 | WizLab   | Identified the amulet of Giluj {Reflect SH+5 SInv}
 68888 | WizLab   | Noticed an electric golem
 68909 | WizLab   | Identified the +2 robe of Distant Worlds {Int+2}
 68933 | WizLab   | Killed an electric golem
 69227 | Vaults:1 | Found Jaimur's Jewellery Boutique.
 69533 | Vaults:1 | Reached ****** piety under Vehumet
 70001 | Vaults:1 | Offered knowledge of Lehudib's Crystal Spear by Vehumet.
 70001 | Vaults:1 | Offered knowledge of Shatter by Vehumet.
 70001 | Vaults:1 | Offered knowledge of Maxwell's Capacitive Coupling by
                  | Vehumet.
 70296 | Vaults:1 | Reached skill level 10 in Shields
 70967 | Vaults:1 | Reached skill level 15 in Hexes
 70969 | Vaults:1 | Identified the +3 scale mail of Kuirghiog {rN+ Dex+8}
 71293 | Vaults:1 | Upgraded the game from 0.29-a0-392-g297d3b089c to
                  | 0.29-a0-393-g47a863cc1b
 71857 | Vaults:2 | Reached skill level 10 in Evocations
 72274 | Vaults:2 | Reached skill level 15 in Spellcasting
 73269 | Vaults:2 | Noticed Mara
 73321 | Vaults:2 | Reached skill level 17 in Conjurations
 73651 | Vaults:2 | Found a transporter.
 73651 | Vaults:2 | Noticed Ixoes's ghost (veteran DgFi)
 73718 | Vaults:2 | Killed Mara
 74157 | Vaults:2 | Found a transporter.
 74639 | Vaults:2 | Found Ituis's Weapon Shop.
 74816 | Vaults:3 | Gained mutation: You are resistant to unholy torment.
                  | [demonic ancestry]
 74816 | Vaults:3 | Reached XP level 20. HP: 146/147 MP: 18/39
 75605 | Vaults:3 | Reached skill level 18 in Conjurations
 76018 | Vaults:3 | Found Etyom's Magic Scroll Shop.
 76133 | Vaults:3 | Found a staircase to the Crypt.
 77181 | Vaults:3 | Identified the +1 robe of Honour {rPois Str+4 Int+5}
 77588 | Vaults:4 | Found a flickering gateway to a bazaar.
 77602 | Bazaar   | Entered a bazaar
 77699 | Bazaar   | Found Hohokh Enwi's Jewellery Emporium.
 77715 | Bazaar   | Found Ceelenok's Antique Weapon Shoppe.
 77731 | Bazaar   | Found Puuwn's General Store.
 77736 | Bazaar   | Bought a box of beasts for 360 gold pieces
 77736 | Bazaar   | Bought a scroll of fog for 18 gold pieces
 79213 | Vaults:4 | Reached skill level 19 in Conjurations
 80798 | Vaults:4 | Reached XP level 21. HP: 137/153 MP: 3/42
 81478 | Snake:2  | Killed Orchucw's ghost
 81896 | Elf:1    | Entered Level 1 of the Elven Halls
 82167 | Elf:1    | Learned a level 9 spell: Fire Storm
 82267 | Elf:1    | Found Hyetotri's Antique Weapon Shoppe.
 82366 | Elf:1    | Found Dagyd's Armour Shop.
 82412 | Elf:1    | Found Ysed Dum's Antique Weapon Boutique.
 84014 | Elf:2    | Found a runed translucent gate.
 84015 | Elf:2    | Found a runed translucent gate.
 84015 | Elf:2    | Found a runed translucent gate.
 84052 | Elf:2    | Found an ancient bone altar of Kikubaaqudgha.
 84258 | Elf:2    | Reached skill level 20 in Conjurations
 84501 | Elf:2    | Paralysed by an air elemental for 1 turns
 86251 | Elf:3    | Entered Level 3 of the Elven Halls
 87085 | Elf:3    | Found Sybalogg's Book Emporium.
 87098 | Elf:3    | Found a large runed translucent door.
 87099 | Elf:3    | Noticed Slifar's ghost (adept DrCj)
 87102 | Elf:3    | Found a large runed translucent door.
 87226 | Elf:3    | Killed Slifar's ghost
 87549 | Elf:3    | Identified the +2 battleaxe "Widowermaker" {vorpal, rF+}
 87567 | Elf:3    | Identified the +6 mace "Beastslayer" {vorpal, *Noise
                  | Will+++ Str+4}
 88250 | Elf:3    | Identified the ring of Deneistrie {rC- rCorr Dex+4 Slay+2}
 88408 | Elf:3    | Identified the ring of the Voracious God {Will+ rCorr
                  | Stlth+}
 88842 | Elf:3    | Gained mutation: A powerful demonic guardian rushes to your
                  | aid. [demonic ancestry]
 88842 | Elf:3    | Reached XP level 22. HP: 101/159 MP: 26/44
 89329 | Elf:3    | Identified the +4 hat of Poor Excuses {-Tele rF+ Regen+
                  | rCorr}
 89332 | Elf:3    | Identified the +0 pair of boots of the Hall of Blades
                  | {rElec Will+ Regen+ Str-5}
 89357 | Elf:3    | Got the Almanac of Lethal Envenoming
 89364 | Elf:3    | Got Xawuryugg's Catalogue of Doomed Shape Shifting
 89386 | Elf:3    | Got Buocuh's Grimoire of Gliding Venom
 89798 | Depths:1 | Entered Level 1 of the Depths
 90781 | Depths:1 | Found a gateway to Hell.
 91693 | Depths:1 | Reached skill level 1 in Armour
 92272 | Depths:1 | Reached skill level 21 in Conjurations
 92487 | Depths:1 | Found Qipeng's Neck Hole.
 93062 | Depths:2 | Found Depnoxt's Distillery.
 93621 | Depths:2 | Found Munal's Jewellery Emporium.
 95649 | Depths:2 | Found a one-way gate to the infinite horrors of the Abyss.
 96123 | Depths:2 | Bought a potion of resistance for 200 gold pieces
 96123 | Depths:2 | Bought a potion of heal wounds for 100 gold pieces
 96123 | Depths:2 | Bought a potion of invisibility for 160 gold pieces
 96123 | Depths:2 | Bought a potion of invisibility for 160 gold pieces
 96123 | Depths:2 | Bought a potion of curing for 60 gold pieces
 96637 | Slime:1  | Entered Level 1 of the Pits of Slime
 97051 | Depths:3 | Reached skill level 15 in Fire Magic
 97291 | Depths:3 | You fall into a shaft and drop 1 floor!
 97291 | Depths:4 | Entered Level 4 of the Depths
 97291 | Depths:4 | Noticed a golden dragon
 97299 | Depths:3 | Found a shadowy altar of Dithmenos.
 97301 | Depths:3 | Reached skill level 5 in Armour
 97301 | Depths:3 | Reached XP level 23. HP: 118/165 MP: 46/46
 98634 | Depths:3 | Found a shadowy altar of Dithmenos.
 98634 | Depths:3 | Found the +2 hood of the Assassin {Detection Stab+ Stlth++}
 99374 | Depths:4 | Noticed a juggernaut
 99375 | Depths:4 | Noticed Vv
 99505 | Depths:4 | Killed a juggernaut
 99676 | Depths:4 | Found a stormy altar of Qazlal.
 99779 | Depths:4 | Killed Vv
100245 | Depths:4 | Found a one-way gateway to a ziggurat.
100259 | Depths:4 | Found a corrupted altar of Lugonu.
100869 | Depths:4 | Found a gate to the Realm of Zot.
101418 | Lair:6   | Slain by a rockslime

Illustrated notes

Levels and vault maps discovered:
D:1:      dpeg_arrival_simpleton_b, layout_basic
D:2:      layout_basic, basic_altar, shapermc_ecumenical_altar_gd, uniq_natasha
D:3:      layout_basic, cheibrodos_sewer_entry_drain, uniq_terence
D:4:      layout_loops_cross
D:5:      layout_loops_ring, nemelex_dance_club_becter,
          chequers_temple_overflow_minitemple, nicolae_wu_jian_wuxing_cycle,
          minmay_door_square, nicolae_alphabet_shops, kennysheep_generic_room_10
D:6:      layout_basic, minmay_temple_entry_water_ring,
          hellmonk_bongcloud_opening, minmay_misc_feat_enclosed
D:7:      layout_gridville, serial_shops, kennysheep_mini_moat, uniq_menkaure
D:8:      minmay_evil_eye, layout_basic, minmay_bent, uniq_pikel, uniq_gastronok
D:9:      kennysheep_ambush_hall, layout_layer_cave, elyvilon_altar_5
D:10:     layout_loops_ring, david_lair_shrubbed
D:11:     minmay_weird_star, layout_long_grid, orc_0_dummy
D:12:     evilmike_diamond_1, layout_gridville
D:13:     layout_rooms, kennysheep_small_circle
D:14:     minmay_tri_box, layout_long_grid, erik_vaults_1,
          hangedman_abyss_or_decor_passed, enter_trove_2
D:15:     grunt_enter_depths_magical_seal, layout_basic, lemuel_round_altar
Temple:   eino_narrow_crystal_temple
Lair:1:   layout_cave_pods, serial_forest, infiniplex_forest_clump_small,
          infiniplex_forest_end_2, infiniplex_forest_lined_1,
          infiniplex_forest_lined_1, infiniplex_forest_clump_medium,
          infiniplex_forest_straight_2, infiniplex_forest_zigzag_1,
          infiniplex_forest_clump_C, ebering_ghost_rock_garden, st_stairs_11
Lair:2:   layout_loops_ring, minmay_swamp_entry_worms,
          minmay_snake_entry_six_corridors
Lair:3:   pond_and_an_island_with_a_cottage, layout_small_grid,
          ebering_ghost_funeral_grove
Lair:4:   layout_hall_layers
Lair:5:   layout_regular_city, portal_ice_cave_rime,
          chequers_serial_rivers_micro_e, eino_small_chamber_without_monster,
          serial_bayou_lake_a, serial_bayou_shore_b
Lair:6:   minmay_lair_end_frog_pond, layout_cave_pods,
          dpeg_slime_entry_enclosed_altar
Swamp:1:  layout_basic_swamp, infiniplex_staircase_pool, swamp_pool2,
          nicolae_swamp_triple_paths, cheibrodos_swamp_witchery, uniq_louise,
          uniq_josephine
Swamp:2:  nicolae_swamp_decorative_isthmus, layout_falls_marsh,
          evilmike_swamp_ruin_rubble_2, uniq_jorgrun
Swamp:3:  layout_falls_marsh, evilmike_swamp_ruin_rubble_1, swamp_pool1
Swamp:4:  swamp_pestilence, layout_basic_swamp
Snake:1:  layout_misc_corridors, grunt_megastairs_1, uniq_donald, uniq_aizul,
          uniq_agnes
Snake:2:  layout_grid_maze, ebering_ghost_inner_flame, serial_bayou_lagoon_b,
          uniq_kirke, uniq_vashnia, uniq_roxanne
Snake:3:  layout_grid_shapes, nicolae_snake_snakewalk, lemuel_fruit_tree,
          minmay_shop_star
Snake:4:  snake_pit, layout_onion, serial_shops, nicolae_shop_stone,
          uniq_bai_suzhen
Slime:1:  layout_caves, special_room [special_room_jelly]
Orc:1:    layout_caves
Orc:2:    pf_orc_diabolical, layout_caves, serial_shops, shop_fountains
Elf:1:    minmay_elf_arrival_summoners, layout_geoelf_octagon, serial_shops,
          nicolae_shop_competitors_out_of_business, shop, shop,
          hangedman_corner_corridor
Elf:2:    nicolae_elf_blades_splatter_lattice [nicolae_blade_tridents],
          layout_geoelf_diagonals, basic_altar
Elf:3:    grunt_elf_hall_asides, layout_geoelf_grid,
          ebering_ghost_disaster_area, serial_shops, shop
Vaults:1: infiniplex_enter_wizlab_water, dpeg_vaults_monster_box, v_rooms_5,
          vaults_dpeg_diagonal, ontoclasm_vaults_gateway, v_misc_25,
          ontoclasm_vaults_ligature, serial_ice_g,
          nicolae_vaults_little_squares_3, layout_vaults_chaotic_city,
          serial_shops, shop_fountains
Vaults:2: gammafunk_ghost_smash, v_misc_18, hangedman_vaults_river_flow,
          nicolae_vaults_an_arrangement, v_misc_26, v_misc_29,
          ontoclasm_vaults_pinch, nicolae_vaults_rhombus_6,
          ontoclasm_vaults_loading_screen, nicolae_vaults_border_crossing,
          layout_vaults_quadrants, serial_shops, nicolae_shop_stone, uniq_mara
Vaults:3: minmay_crypt_entry_simple_corners, hangedman_vaults_stitches,
          vaults_mumra_hexcomb, ontoclasm_vaults_twist, st_squares, v_misc_1,
          ontoclasm_vaults_loading_screen, hangedman_vaults_impose,
          nicolae_vaults_network_s, hangedman_vaults_hat,
          nicolae_vaults_little_squares_6, hangedman_vaults_trim,
          layout_vaults_ring, serial_shops, nicolae_shop_crystal
Vaults:4: nicolae_vaults_little_ls, v_misc_2, nicolae_vaults_yaktaur_gun_rack,
          st_smaller_cells, vaults_dpeg_doors, hangedman_vaults_trim,
          nicolae_vaults_network_star, hangedman_vaults_locks,
          nicolae_vaults_little_squares_4, v_rooms_5, layout_vaults_big_cross,
          serial_shops, bzr_entry_road
Depths:1: layout_roguey, roderic_cross_of_infinity, hangedman_coc_ice_floe,
          nicolae_shop_sticking_my_neck_out, firewood_loft, grunt_megastairs_3
Depths:2: kennysheep_green_arena, layout_gridlike,
          hangedman_decor_clover_reticule, abyss_entry, serial_shops,
          nicolae_take_the_stairs, nicolae_inconvenience_store,
          rand_demon_pan_entry_3, grunt_hell_entry_dis_grunt,
          kilobyte_rumbling_trees, infiniplex_staircase_zigzag_5,
          serial_bayou_shore_b
Depths:3: regret_index_dithmenos_brocken_genspenst, layout_cave_pools,
          hell_entry, nicolae_abyss_entry_one_way_or_another,
          grunt_dithmenos_smoke, hangedman_abyss_or_decor_lesser_grid
Depths:4: evilmike_zot_entry_gauntlet, layout_cave_shapes, enter_ziggurat_c,
          hell_entry, abyss_entry_flame_altar, rand_demon_pan_entry_8,
          grunt_qazlal_clouds, uniq_vv

Skill      XL: |  1  2  3  4  5  6  7  8  9 10 11 12 13 14 15 16 17 18 19 20 21 22 23 |
---------------+----------------------------------------------------------------------+-----
Spellcasting   | 3 4 5 6 8 9 10 11 12 13 14 15 17 18 19 20 | 20.0
Conjurations   | 5 6 7 8 9 10 11 12 13 14 15 17 19 20 21 | 21.9
Hexes          | 2 4 6 7 8 9 10 11 12 13 14 15 | 15.0
Translocations | 2 4 5 |  5.0
Dodging        | 3 5 7 8 10 | 10.0
Fighting       | 3 5 6 7 9 10 | 10.0
Ice Magic      | 1 3 5 |  5.0
Earth Magic    | 1 3 5 |  5.0
Air Magic      | 1 3 5 |  5.0
Shields        | 3 5 6 8 9 10 | 10.0
Stealth        | 4 6 7 9 10 | 10.0
Fire Magic     | 1 5 8 10 13 15 16 | 16.2
Evocations     | 2 5 7 8 10 | 10.0
Armour         | 5 6 |  6.7

Action                   |  1- 3 |  4- 6 |  7- 9 | 10-12 | 13-15 | 16-18 | 19-21 | 22-24 || total
-------------------------+-------+-------+-------+-------+-------+-------+-------+-------++-------
Melee: Unarmed           |     1 |       |       |       |       |       |       |       ||     1
       Hand axe          |     5 |     1 |       |       |       |       |       |       ||     6
       Dire flail        |       |       |    18 |    17 |    15 |       |       |       ||    50
       Tailslap          |       |       |     4 |     5 |     4 |     6 |    40 |     6 ||    65
       Rapier            |       |       |       |       |     7 |       |       |       ||     7
       Staff             |       |       |       |       |     9 |    29 |     5 |     1 ||    44
       Demon blade       |       |       |       |       |       |       |   141 |    18 ||   159
       Dagger            |       |       |       |       |       |       |     2 |       ||     2
 Cast: Magic Dart        |    76 |   100 |   162 |   115 |     9 |       |       |       ||   462
       Searing Ray       |     2 |     9 |    38 |    53 |     3 |       |     1 |       ||   106
       Mephitic Cloud    |       |       |     9 |    25 |    15 |       |     2 |       ||    51
       Fulminant Prism   |       |       |    15 |    75 |    41 |     2 |     6 |       ||   139
       Stone Arrow       |       |       |       |   106 |   325 |   474 |   227 |   178 ||  1310
       Blink             |       |       |       |     1 |    11 |     1 |     4 |     6 ||    23
       Freezing Cloud    |       |       |       |    28 |   272 |   264 |   257 |    58 ||   879
       Flame Wave        |       |       |       |       |     6 |    19 |       |       ||    25
       Passwall          |       |       |       |       |     1 |       |       |       ||     1
       Lightning Bolt    |       |       |       |       |    28 |    20 |    26 |     1 ||    75
       Iskenderun's Myst |       |       |       |       |    36 |   112 |   159 |    69 ||   376
       Orb of Destructio |       |       |       |       |       |   135 |   206 |    92 ||   433
       Fire Storm        |       |       |       |       |       |       |       |    72 ||    72
Evoke: Lightning rod     |       |       |       |       |       |     4 |       |       ||     4
       Phantom mirror    |       |       |       |       |       |     2 |       |       ||     2
       Phial of floods   |       |       |       |       |       |     1 |       |       ||     1
  Use: Scroll            |       |     2 |     5 |     9 |     9 |    10 |    11 |     2 ||    48
       Potion            |       |       |       |       |     3 |       |       |       ||     3
 Stab: Invisible         |       |       |       |       |       |     1 |       |       ||     1
Armor: Leather armour    |     5 |     6 |    29 |    43 |    47 |       |       |       ||   130
       Steam dragon scal |       |       |       |    18 |       |       |       |       ||    18
       Troll leather arm |       |       |       |       |    12 |   151 |    48 |       ||   211
       Robe              |       |       |       |       |       |       |    38 |    15 ||    53
Dodge: Dodged            |    18 |    10 |    54 |   127 |   160 |   357 |   225 |    65 ||  1016
Block: Buckler           |       |       |       |       |    28 |   184 |   235 |    46 ||   493
       Reflection        |       |       |       |       |     1 |    37 |    80 |     8 ||   126

Table legend: (Time is in decaauts)
 A = Elapsed time spent in this place.
 B = Non-inter-level travel time spent in this place.
 C = Inter-level travel time spent in this place.
 D = Time resting spent in this place.
 E = Time spent auto-exploring this place.
 F = Levels seen in this place.
 G = Mean time per level.
                   A        B        C        D        E       F      G
               +--------+--------+--------+--------+--------+-----+--------+
         Total | 101883 |  94548 |   7335 |  11564 |  66742 |  48 | 2122.6 |
       Dungeon |  28540 |  25062 |   3478 |   3028 |  18412 |  15 | 1902.7 |
        Temple |     40 |     40 |      0 |      0 |     17 |   1 |   40.0 |
          Lair |  14374 |  12809 |   1565 |   1784 |   9214 |   6 | 2395.7 |
         Swamp |   7793 |   7585 |    208 |   1324 |   4730 |   4 | 1948.2 |
     Snake Pit |  12443 |  11841 |    602 |   1471 |   8274 |   4 | 3110.8 |
    Slime Pits |     11 |     11 |      0 |      0 |      0 |   1 |   11.0 |
  Orcish Mines |   3601 |   3371 |    230 |    531 |   2073 |   2 | 1800.5 |
   Elven Halls |   8002 |   7544 |    458 |    535 |   5641 |   3 | 2667.3 |
        Vaults |  11943 |  11572 |    371 |   1158 |   8317 |   4 | 2985.8 |
        Depths |   9797 |   9377 |    420 |   1224 |   6279 |   4 | 2449.2 |
        Bazaar |    151 |    151 |      0 |      0 |    145 |   1 |  151.0 |
         Sewer |   1452 |   1452 |      0 |     82 |   1198 |   1 | 1452.0 |
      Ice Cave |   1875 |   1875 |      0 |    104 |   1366 |   1 | 1875.0 |
        Wizlab |   1854 |   1854 |      0 |    323 |   1075 |   1 | 1854.0 |
               +--------+--------+--------+--------+--------+-----+--------+

Top non-repeatable levels by time:
Vaults:2: 4003 daAuts
     D:8: 3990 daAuts
 Snake:2: 3863 daAuts
 Snake:3: 3538 daAuts
Depths:2: 3453 daAuts
   Elf:3: 3380 daAuts
 Snake:4: 3368 daAuts
Vaults:4: 3328 daAuts
 Swamp:4: 3137 daAuts
  Lair:3: 3128 daAuts
   Elf:2: 2976 daAuts
  Lair:2: 2936 daAuts
    D:12: 2742 daAuts
Depths:1: 2660 daAuts
   Orc:2: 2564 daAuts
